 Dungeon Crawl Stone Soup version 0.20-a0-1116-gaa52201 (webtiles) character file.

235 grindst0ne the Skirmisher (level 5, -28/70 HPs)
             Began as a Demonspawn Berserker on May 7, 2017.
             Was a Believer of Trog.
             Killed from afar by an iguana (35 damage)
             ... with an exploding inner flame
             ... hexed by the player character
             ... on level 3 of the Dungeon.
             The game lasted 00:09:18 (3946 turns).

grindst0ne the Skirmisher (Demonspawn Berserker)    Turns: 3946, Time: 00:09:19

Health: -28/70     AC:  6    Str: 23    XL:     5   Next: 76%
Magic:  5/5        EV: 11    Int:  8    God:    Trog [**....]
Gold:   167        SH:  0    Dex: 13    Spells: 4/4 levels left

rFire    . . .     SeeInvis .   a - +0 hand axe
rCold    . . .     Gourm    .   (no shield)
rNeg     . . .     Faith    .   g - +1 ring mail
rPois    .         Spirit   .   (no helmet)
rElec    .         Reflect  .   (no cloak)
rCorr    .         Harm     .   (no gloves)
MR       .....                  (no boots)
Stlth    ..........             (no amulet)
Regen    0.3/turn               (no ring)
MPRegen  0.1/turn               (no ring)

@: berserking, very quick
A: talons 2, rot immunity
a: Berserk, Trog's Hand, Burn Spellbooks, Renounce Religion


You were on level 3 of the Dungeon.
You worshipped Trog.
Trog was pleased with you.
You were not hungry.

You visited 1 branch of the dungeon, and saw 4 of its levels.

You collected 167 gold pieces.

Inventory:

Hand Weapons
 a - a +0 hand axe (weapon)
 v - a +0 whip of venom
Missiles
 u - 2 throwing nets (quivered)
Armour
 b - a +0 animal skin
 g - a +1 ring mail (worn)
Jewellery
 i - a cursed -2 ring of protection {unknown}
 n - an uncursed ring of positive energy {unknown}
Scrolls
 f - 2 scrolls of identify
 l - a scroll of enchant armour
 m - a scroll of amnesia
 p - a scroll of magic mapping
Potions
 e - a potion of mutation
 h - 2 potions of brilliance {unknown}
 q - a potion of haste {unknown}
 r - a potion of magic {unknown}
 s - a potion of cancellation {unknown}
Comestibles
 o - 2 meat rations


   Skills:
 + Level 6.4 Fighting
 - Level 2.9 Axes
 - Level 1.7 Armour
 - Level 1.8 Dodging


You had 4 spell levels left.
You didn't know any spells.

Dungeon Overview and Level Annotations

Branches:
Dungeon (4/15)             Temple (0/1) D:4

Altars:
Gozag
Makhleb
Vehumet
The Shining One


Innate Abilities, Weirdness & Mutations

You have razor-sharp toenails.
You are immune to rotting.


Message History

That item cannot be evoked!
Okay, then.
Okay, then.
Okay, then.
You're too hungry.
You eat the bread ration.
That bread ration really hit the spot!
The iguana bites you!
* * * LOW HITPOINT WARNING * * *
Okay, then.
A red film seems to cover your vision as you go berserk!
You feel yourself moving faster!
You feel mighty!
You feel a lot more hungry. The iguana closely misses you.
You barely miss the iguana. You claw the iguana!
The iguana is severely wounded.
The iguana closely misses you.
You slash the iguana!
The iguana explodes!
The fiery explosion engulfs you!
Ouch! That really hurt!
You die...

###.### #..######.# #.# ......#
#.........# #.# ###.#.#
##.######## #.# # #.#.# ##'##
######.## ###...## ##...##
##...#..[## ##.....#
##.....###.........## ##.....#
##.......##..........#
##.....###......§§.#.........##
.........'.(....@§§+........##
......####.......§§###.....##
####..# ##.....).## #.#.###
##.# ##.....#####.### #)#
##...##.......# #.#
##+###.###.#.# #.# #.# #.#
#.#.#### #.########.# #.#
#......# #........#.###.#
###.##.#


There were no monsters in sight!

Vanquished Creatures
  A gnoll shaman (D:3)
  An orc wizard (D:3)
  5 gnolls (D:3)
  6 adders
  4 worms
  2 dart slugs
  8 orcs (D:3)
  A giant cockroach (D:3)
  7 goblins
  4 hobgoblins
  4 jackals (D:1)
  7 kobolds
  A quokka (D:2)
  A ball python (D:1)
  8 bats
  A frilled lizard (D:2)
  5 rats
66 creatures vanquished.

Notes
Turn   | Place    | Note
-------+----------+-------------------------------------------
     0 | D:1      | grindst0ne the Demonspawn Berserker began the quest for the Orb.
     0 | D:1      | Reached XP level 1. HP: 18/18 MP: 1/1
   463 | D:1      | Found a glowing golden altar of the Shining One.
   468 | D:1      | Gained mutation: You have sharp toenails. [demonic ancestry]
   468 | D:1      | Reached XP level 2. HP: 23/24 MP: 2/2
  1144 | D:1      | Reached ** piety under Trog
  1306 | D:2      | Reached skill level 4 in Fighting
  1361 | D:2      | Gained mutation: You are immune to rotting. [demonic ancestry]
  1361 | D:2      | Reached XP level 3. HP: 10/30 MP: 3/3
  1602 | D:2      | Found an opulent altar of Gozag.
  1866 | D:2      | Found a radiant altar of Vehumet.
  1868 | D:2      | Found a burning altar of Makhleb.
  2536 | D:3      | Reached skill level 5 in Fighting
  2536 | D:3      | Reached XP level 4. HP: 39/39 MP: 4/4
  3004 | D:3      | Gained mutation: You have razor-sharp toenails. [demonic ancestry]
  3004 | D:3      | Reached XP level 5. HP: 43/44 MP: 5/5
  3533 | D:3      | Reached skill level 6 in Fighting
  3946 | D:3      | Killed from afar by an iguana

Vault maps used:
D:1:      scummos_arrival_simple_fountains, glass_columns_b, tso_metal_star
D:2:      grunt_temple_overflow_open, nicolae_gozag_seed_capital, first_bread
D:4:      eat_drink_and_be_merry_uskayaw, kennysheep_slug_shrine,
          minmay_temple_entry_purple_smoke, cheibrodos_sewer_entry_bend,
          minmay_item_behind_shaft, uniq_edmund

Skill      XL: |  1  2  3  4  5 |
---------------+----------------+-----
Fighting       | 4 5 6 |  6.4
Axes           | |  2.9
Armour         | |  1.7
Dodging        | |  1.8

Action                   |  1- 3 |  4- 6 || total
-------------------------+-------+-------++-------
Melee: Hand axe          |   156 |   117 ||   273
       Kick              |    27 |    31 ||    58
Invok: Berserk           |     1 |     5 ||     6
  Use: Scroll            |       |     7 ||     7
  Eat: Chunk             |     3 |     5 ||     8
       Bread ration      |     1 |     1 ||     2
Armor: Ring mail         |    48 |    32 ||    80
       Animal skin       |     2 |       ||     2
Dodge: Dodged            |    87 |    74 ||   161
